 Dungeon Crawl Stone Soup version 0.29-a0-830-gcb1280458a (webtiles) character file.

Game seed: 284976587012351751

132 Nato the Stinger (level 4, 0/36 HPs)
             Began as a Draconian Venom Mage on July 12, 2022.
             Frozen to death by an endoplasm (2 damage)
             ... in a sewer.
             The game lasted 00:21:59 (8606 turns).

Nato the Stinger (Draconian Venom Mage)             Turns: 8606, Time: 00:21:59

Health: 0/36       AC:  5    Str: 10    XL:     4   Next: 92%
Magic:  2/8        EV: 12    Int: 17    God:
Gold:   87         SH:  0    Dex: 12    Spells: 2/8 levels left

rFire   . . .      SeeInvis .   b - +0 dagger
rCold   . . .      Faith    .   (no shield)
rNeg    . . .      Spirit   .   (body armour unavailable)
rPois   .          Reflect  .   (helmet restricted)
rElec   .          Harm     .   (no cloak)
rCorr   .          Rampage  .   (no gloves)
Will    .....                   (no boots)
Stlth   ++........              (no amulet)
HPRegen 0.12/turn               (no ring)
MPRegen 0.11/turn               (no ring)

@: slowed, very slow
A: AC +5, unfitting armour, cold-blooded
a: no special abilities


You were in a sewer.
You visited 1 branch of the dungeon, and saw 3 of its levels.
You also visited: Sewer.

You collected 87 gold pieces.

Inventory:

Hand Weapons
 a - a +0 sling
 b - a +0 dagger (weapon)
Scrolls
 c - 2 scrolls of enchant armour {unknown}
 h - a scroll of noise {unknown}
 j - a scroll of teleportation {unknown}
 m - a scroll of enchant weapon {unknown}
Potions
 d - a potion of invisibility {unknown}
 e - a potion of flight {unknown}
 f - a potion of might {unknown}
 g - a potion of heal wounds {unknown}
 i - a potion of magic
 k - a potion of attraction {unknown}
 l - a potion of curing {unknown}
 n - a potion of brilliance {unknown}


   Skills:
 + Level 2.2 Fighting
 - Level 1.7 Dodging
 - Level 1.7 Stealth
 + Level 2.9 Spellcasting
 + Level 0.9 Conjurations
 - Level 2.0 Transmutations
 + Level 0.8 Air Magic
 + Level 3.7 Poison Magic


You had 2 spell levels left.
You knew the following spells:

 Your Spells              Type           Power      Damage    Failure   Level
a - Sting                 Tmut/Pois      48%        1d5       5%          1
b - Poisonous Vapours     Pois/Air       20%        N/A       11%         2
c - Mephitic Cloud        Conj/Pois/Air  8%         N/A       24%         3

Your spell library contained the following spells:

 Spells                   Type           Power      Damage    Failure   Level
 Foxfire                  Conj/Fire      16%        2x1d4     14%         1
 Slow                     Hex            8%         N/A       19%         1
 Olgreb's Toxic Radiance  Pois           15%        N/A       36%         4
 Conjure Flame            Conj/Fire      4%         6-21      41%         3
 Confusing Touch          Hex            2%         N/A       47%         3
 Inner Flame              Hex/Fire       2%         N/A       47%         3
 Vampiric Draining        Necr           2%         2d6       47%         3
 Flame Wave               Conj/Fire      4%         2d5       82%         4


Dungeon Overview and Level Annotations

Branches:
Dungeon (3/15)              Sewer (1/1)

Altars:


Innate Abilities, Weirdness & Mutations

Your plain brown scales are hard. (AC +5)
You cannot fit into any form of body armour.
You are cold-blooded and may be slowed by cold attacks.


Message History

The adder misses you. The endoplasm barely misses you.
The adder closely misses you.
You hit the adder.
The adder is heavily wounded.
The endoplasm freezes you.
You are frozen.
The adder barely misses you. The endoplasm freezes you.
You are frozen.
You feel as though you will be slow longer.
The adder closely misses you.
You closely miss the adder.
Your tail-slap misses the adder.
The adder is heavily wounded.
The adder misses you. The endoplasm freezes you.
You are frozen.
* * * LOW HITPOINT WARNING * * *
You feel as though you will be slow longer.
The adder closely misses you.
You closely miss the adder.
The adder is heavily wounded.
The endoplasm freezes you.
You are frozen.
* * * LOW HITPOINT WARNING * * *
You feel as though you will be slow longer.
The adder barely misses you.
The endoplasm splashes around in the water.
The adder bites you.
* * * LOW HITPOINT WARNING * * *
You barely miss the adder.
The adder is heavily wounded.
The adder bites you but does no damage. The endoplasm hits you.
* * * LOW HITPOINT WARNING * * *
The adder barely misses you.
You hit the adder but do no damage.
The adder is heavily wounded.
The endoplasm hits you but does no damage.
The adder misses you. The endoplasm freezes you.
You are frozen.
You die...

#≈≈≈###.≈≈###≈≈≈.#
##.≈##.≈≈≈.≈≈##≈≈≈#
##≈≈##≈≈≈≈.≈..≈##≈≈##
#≈.≈.≈≈...≈≈≈≈≈≈#≈.≈#
#≈≈.≈≈#######≈≈≈##.≈#
#######≈###≈≈≈≈≈##≈..#≈†#
#≈...≈###≈≈≈≈≈.. ##≈≈#≈≈.
#≈≈≈≈≈#.SJ≈.≈≈.≈ #.≈##≈≈
#≈.≈≈≈#.@# ##≈≈#≈≈
#.≈#.≈#≈.# #.≈#≈≈
#..#≈≈#≈≈# #≈≈#≈≈
#≈÷#≈##≈≈# #≈≈#≈.
#≈.#≈#≈≈≈# #≈.#≈≈
#.≈#≈#∩≈≈# #≈≈#≈≈
#≈÷#≈#≈≈≈## ##.≈#≈≈
#≈.#≈###≈≈# #.≈##≈≈
#.≈#≈≈≈#≈≈## ##≈≈#≈≈≈


You could see an adder and an endoplasm.

Vanquished Creatures
  5 adders
  A dart slug (D:1)
  6 endoplasms
  13 giant cockroaches
  3 goblins
  3 hobgoblins
  2 jackals (D:1)
  14 quokkas
  13 ball pythons
  4 bats
  8 frilled lizards
  3 kobolds (D:1)
  A rat (D:1)
76 creatures vanquished.

Notes
Turn   | Place    | Note
-------+----------+-------------------------------------------
     0 | D:1      | Nato the Draconian Venom Mage began the quest for the Orb.
     0 | D:1      | Reached XP level 1. HP: 14/14 MP: 3/3
   777 | D:1      | Reached XP level 2. HP: 22/22 MP: 3/5
  1030 | D:1      | Reached skill level 1 in Fighting
  1993 | D:1      | Learned a level 2 spell: Poisonous Vapours
  2193 | D:2      | Found a faded altar of an unknown god.
  2541 | D:2      | Reached XP level 3. HP: 23/28 MP: 0/6
  2704 | D:2      | Learned a level 3 spell: Mephitic Cloud
  4060 | D:3      | Found a glowing drain.
  4125 | Sewer    | Entered a sewer
  4135 | Sewer    | Reached XP level 4. HP: 32/36 MP: 0/7
  8606 | Sewer    | Frozen to death by an endoplasm

Illustrated notes

Levels and vault maps discovered:
D:1:      minmay_arrival_radiant_lines, layout_rooms
D:2:      layout_basic, hellmonk_ecumenical_altar_crossroads
D:3:      layout_loops_ring, nemelex_xobeh_ov_fountains_minmay,
          gup_sewer_entry_pipe, minmay_diced_spiral
Sewer:    sewer_frog_island_02

Skill      XL: |  1  2  3  4 |
---------------+-------------+-----
Fighting       | 1 2 |  2.2
Transmutations | 2 |  2.0
Dodging        | |  1.7
Stealth        | |  1.7
Spellcasting   | |  2.9
Conjurations   | |  0.9
Air Magic      | |  0.8
Poison Magic   | |  3.7

Action                   |  1- 3 |  4- 6 || total
-------------------------+-------+-------++-------
Melee: Unarmed           |    24 |       ||    24
       Tailslap          |     7 |     4 ||    11
       Dagger            |    28 |    31 ||    59
 Fire: Sling             |     6 |       ||     6
 Cast: Sting             |    62 |    75 ||   137
       Poisonous Vapours |       |     2 ||     2
Armor: Skin              |    29 |    30 ||    59
Dodge: Dodged            |    63 |    47 ||   110

Table legend: (Time is in decaauts)
 A = Elapsed time spent in this place.
 B = Non-inter-level travel time spent in this place.
 C = Inter-level travel time spent in this place.
 D = Time resting spent in this place.
 E = Time spent auto-exploring this place.
 F = Levels seen in this place.
 G = Mean time per level.
                   A        B        C        D        E       F      G
               +--------+--------+--------+--------+--------+-----+--------+
         Total |   8661 |   8565 |     96 |   7153 |    825 |   4 | 2165.2 |
       Dungeon |   4113 |   4017 |     96 |   3009 |    688 |   3 | 1371.0 |
         Sewer |   4547 |   4547 |      0 |   4144 |    137 |   1 | 4547.0 |
               +--------+--------+--------+--------+--------+-----+--------+

Top non-repeatable levels by time:
   Sewer: 4547 daAuts
     D:1: 1993 daAuts
     D:2: 1940 daAuts
     D:3: 179 daAuts
